[Event "Titled Tuesday Blitz November 16 2021"]
[White "Nesterov, Arseniy"]
[Black "Wagner, Dennis"]
[WhiteFideId "24198455"]
[BlackFideId "24650684"]
[WhiteElo "2489"]
[BlackElo "2355"]
[Result "1-0"]
[Round "09"]
[TimeControl "180+1"]
[Date "2021.11.16"]
[WhiteClock "0:00:03"]
[BlackClock "0:00:04"]

1. d4 Nf6 2. c4 e6 3. Nf3 d5 4. g3 Be7 5. Bg2 O-O 6. O-O dxc4 7. Ne5 Nc6 8. Bxc6 bxc6 9. Nxc6 Qe8 10. Nxe7+ Qxe7 11. Na3 c5 12. dxc5 Qxc5 13. Be3 Qh5 14. f3 e5 15. Nxc4 Be6 16. b3 Rfd8 17. Qe1 e4 18. Rd1 exf3 19. exf3 Bh3 20. Rf2 a5 21. Rxd8+ Rxd8 22. Rd2 Re8 23. Qf2 h6 24. Bd4 Nd5 25. Re2 Ra8 26. Re1 a4 27. Qe2 axb3 28. axb3 Qg6 29. Qe4 Qc6 30. Qh4 Be6 31. Qe4 Qb5 32. Qd3 Ra2 33. Ne5 Qb7 34. Re2 Ra3 35. Rb2 Ra5 36. Nc4 Ra1+ 37. Kf2 Qa6 38. Re2 Rh1 39. g4 Rxh2+ 40. Kg3 Rxe2 41. Qxe2 Qb5 42. Qe5 Qxb3 43. Qxg7# 1-0


[Site "https://www.chess.com"]

[Event "Titled Tuesday Blitz November 16 2021"]
[White "Ozen, Bahadir"]
[Black "Maksimovic, Bojan"]
[WhiteFideId "6337058"]
[BlackFideId "14408120"]
[WhiteElo "2503"]
[BlackElo "2439"]
[Result "1/2-1/2"]
[Round "09"]
[TimeControl "180+1"]
[Date "2021.11.16"]
[WhiteClock "0:00:07"]
[BlackClock "0:00:08"]

1. d4 d5 2. Nf3 Bf5 3. Bf4 e6 4. e3 Nc6 5. Bd3 Bxd3 6. Qxd3 Nf6 7. O-O Bd6 8. Nbd2 O-O 9. Bg3 Ne7 10. e4 dxe4 11. Nxe4 Nxe4 12. Qxe4 Bxg3 13. hxg3 Qd5 14. Qxd5 Nxd5 15. Rfe1 Rfd8 16. c3 a5 17. a4 Ra6 18. Ne5 Raa8 19. f3 f6 20. Nd3 Kf7 21. Kf2 b6 22. g4 h6 23. Rad1 Rd6 24. Nc1 Rc8 25. Nb3 Ne7 26. Nd2 Re8 27. Nc4 Rdd8 28. Rd2 Nd5 29. g3 Rh8 30. Rde2 Rde8 31. Rh1 Re7 32. Rh5 Ree8 33. Re1 Rd8 34. Re2 Rde8 35. Re1 Rd8 36. Re2 Rhe8 37. Rh1 Ne7 38. Rhe1 Nc8 39. Ne3 Nd6 40. d5 e5 41. Rd1 Rh8 42. Rh1 Rh7 43. b3 Rdh8 44. b4 h5 45. gxh5 Rxh5 46. Rxh5 Rxh5 47. Kg2 Rh8 48. bxa5 bxa5 49. Rb2 f5 50. c4 f4 51. gxf4 exf4 52. c5 fxe3 53. cxd6 cxd6 54. f4 Kf6 55. Kf3 Rh3+ 56. Ke4 g5 57. fxg5+ Kxg5 58. Rg2+ Kf6 59. Rb2 Rh4+ 60. Kxe3 Ke5 61. Rb5 Rxa4 62. Ke2 Kd4 63. Kd2 Kc4 64. Rb8 Kxd5 65. Kc3 Rh4 66. Rb5+ Ke4 67. Rxa5 Rh3+ 68. Kd2 d5 69. Ra8 Rh2+ 70. Kd1 d4 71. Ra3 Rh1+ 72. Kd2 Rh2+ 73. Kd1 Rh8 74. Kd2 Rb8 75. Rh3 Rb2+ 76. Kd1 Kd5 77. Rh8 Kc4 78. Rh3 Ra2 79. Kc1 d3 80. Rh8 Rc2+ 81. Kd1 Rg2 82. Rc8+ Kb3 83. Rb8+ Kc3 84. Rc8+ Kb3 85. Rb8+ Kc3 86. Rc8+ Kd4 87. Rd8+ Ke3 88. Re8+ Kd4 89. Rd8+ Ke3 90. Re8+ 1/2-1/2


[Site "https://www.chess.com"]

[Event "Titled Tuesday Blitz November 16 2021"]
[White "Pour Agha Bala, Amirreza"]
[Black "Gabrielian, Artur"]
[WhiteFideId "12572896"]
[BlackFideId "4131002"]
[WhiteElo "2313"]
[BlackElo "2440"]
[Result "1/2-1/2"]
[Round "09"]
[TimeControl "180+1"]
[Date "2021.11.16"]
[WhiteClock "0:00:37"]
[BlackClock "0:00:13"]

1. d4 Nf6 2. c4 c5 3. d5 e6 4. Nc3 exd5 5. cxd5 d6 6. e4 g6 7. f4 Bg7 8. Bb5+ Nfd7 9. a4 Na6 10. Nf3 Nb4 11. O-O a6 12. Be2 O-O 13. Be3 Re8 14. Nd2 Nf6 15. Bf2 b6 16. Bf3 Nd3 17. Bg3 Nd7 18. Qc2 Nb4 19. Qb3 h5 20. h4 Bf6 21. f5 Ne5 22. Nc4 Nxc4 23. Qxc4 Bxh4 24. Bf4 Bf6 25. Rad1 b5 26. axb5 axb5 27. Qe2 Bd4+ 28. Be3 Nc2 29. Bxd4 Nxd4 30. Qf2 b4 31. fxg6 fxg6 32. Ne2 Nxe2+ 33. Bxe2 Qe7 34. Qg3 Qxe4 35. Bd3 Qe3+ 36. Qxe3 Rxe3 37. Rf6 Rxd3 38. Rxd3 Bf5 39. Re3 Rd8 40. Re7 c4 41. Rff7 c3 42. bxc3 bxc3 43. Rc7 c2 44. Rg7+ Kf8 45. Kf2 c1=Q 46. Rgf7+ Kg8 47. Rg7+ Kf8 48. Rcf7+ Ke8 49. Re7+ Kf8 50. Rgf7+ Kg8 51. Rg7+ Kh8 52. Rh7+ Kg8 53. Rhg7+ Kf8 54. Rgf7+ Kg8 55. Rg7+ 1/2-1/2


[Site "https://www.chess.com"]

[Event "Titled Tuesday Blitz November 16 2021"]
[White "Rozman, Levy"]
[Black "Ibrahimli, Murad"]
[WhiteFideId "2039877"]
[BlackFideId "13410229"]
[WhiteElo "2376"]
[BlackElo "2109"]
[Result "0-1"]
[Round "09"]
[TimeControl "180+1"]
[Date "2021.11.16"]
[WhiteClock "0:00:02"]
[BlackClock "0:00:13"]

1. d4 Nf6 2. c4 e6 3. Nf3 b6 4. g3 Bb7 5. Bg2 Bb4+ 6. Bd2 a5 7. O-O O-O 8. Nc3 d6 9. Rc1 Nbd7 10. Re1 Bxc3 11. Bxc3 Be4 12. b3 Qb8 13. Bh3 a4 14. b4 b5 15. c5 Bxf3 16. exf3 Nd5 17. a3 Nxc3 18. Rxc3 Nf6 19. f4 d5 20. Rce3 g6 21. Bg2 c6 22. Bf3 Kg7 23. Kg2 Qc7 24. Re5 Nd7 25. R5e2 Rae8 26. Qd2 Rh8 27. h4 h5 28. Qc1 Reg8 29. Re3 Kf8 30. Kf1 Ke7 31. Ke2 Kd8 32. Kd2 Kc8 33. Kc3 Qd8 34. Qd2 Qf6 35. Be2 Kc7 36. Bd3 Nb8 37. Qe2 Nd7 38. Qf3 Ra8 39. Qg2 Nb8 40. Qh2 Kb7 41. Qh1 Na6 42. Re5 Nc7 43. Qf3 Ne8 44. Qe2 Nc7 45. Rg1 Qd8 46. Rb1 Qd7 47. Re3 Ne8 48. Re1 Nf6 49. Qd2 Ng4 50. R3e2 Qd8 51. f3 Nh6 52. Re5 Nf5 53. Qf2 Qf6 54. Rg1 Ne7 55. Qe2 Kc7 56. Re3 Nf5 57. Re5 Ng7 58. Re3 Ne8 59. Re5 Qd8 60. Bxb5 cxb5 61. Qxb5 Qb8 62. Qe2 Kc6 63. Rxe6+ fxe6 64. Qxe6+ Nd6 65. b5+ Qxb5 66. Qxd6+ Kb7 67. Qxd5+ Ka7 68. Qf7+ Ka6 69. Qxg6+ Ka5 70. Kd2 Qb2+ 71. Qc2 Qxd4+ 72. Kc1 Qxg1+ 0-1


[Site "https://www.chess.com"]

[Event "Titled Tuesday Blitz November 16 2021"]
[White "Sadhwani, Raunak"]
[Black "Demchenko, Anton"]
[WhiteFideId "35093487"]
[BlackFideId "4160258"]
[WhiteElo "2517"]
[BlackElo "2583"]
[Result "0-1"]
[Round "09"]
[TimeControl "180+1"]
[Date "2021.11.16"]
[WhiteClock "0:00:09"]
[BlackClock "0:00:04"]

1. c4 e5 2. d3 Nf6 3. Nf3 d6 4. Nc3 g6 5. g3 Bg7 6. Bg2 O-O 7. O-O a5 8. b3 c6 9. Bb2 Re8 10. Qc2 Na6 11. a3 d5 12. e3 Bf5 13. e4 dxe4 14. dxe4 Bg4 15. h3 Bxf3 16. Bxf3 Nc5 17. b4 Ne6 18. Ne2 Qc7 19. h4 h5 20. Rfd1 axb4 21. axb4 Rxa1 22. Bxa1 c5 23. bxc5 Qxc5 24. Qb3 b6 25. Qb5 Qxb5 26. cxb5 Nc5 27. Nc3 Bf8 28. Bb2 Ne6 29. Na4 Nd4 30. Bxd4 exd4 31. Rxd4 Re5 32. Nxb6 Rxb5 33. Nc8 Kg7 34. Nd6 Re5 35. Nc4 Re8 36. e5 Nh7 37. Rd7 Re7 38. Rd8 Rc7 39. Bd5 Be7 40. Re8 Rd7 41. Bc6 Rc7 42. Nd6 Nf8 43. Bd5 Bxd6 44. exd6 Rd7 45. Re7 Kf6 46. Re8 Rxd6 47. Rxf8 Rxd5 48. Kg2 Kg7 49. Ra8 Rd6 50. Ra3 Re6 51. Ra4 Rf6 52. Rg4 hxg4 53. f4 gxf3+ 54. Kf2 Kh6 55. g4 g5 0-1


[Site "https://www.chess.com"]

[Event "Titled Tuesday Blitz November 16 2021"]
[White "Samunenkov, Ihor"]
[Black "Shubin, Kirill"]
[WhiteFideId "14187086"]
[BlackFideId "34119962"]
[WhiteElo "2348"]
[BlackElo "2501"]
[Result "1-0"]
[Round "09"]
[TimeControl "180+1"]
[Date "2021.11.16"]
[WhiteClock "0:00:08"]
[BlackClock "0:00:18"]

1. d4 e6 2. g3 Nf6 3. Bg2 c5 4. Nf3 cxd4 5. Nxd4 Be7 6. O-O O-O 7. c4 d5 8. cxd5 Nxd5 9. Nc3 Nc6 10. Nxd5 exd5 11. Be3 Bf6 12. Rc1 Be6 13. Qd2 Qd7 14. Rfd1 Rac8 15. Nxc6 bxc6 16. Bc5 Rfd8 17. e3 Bg4 18. Re1 h5 19. h4 Qf5 20. Bxa7 Ra8 21. Bd4 Rxa2 22. Rxc6 Bxd4 23. Qxd4 Rb8 24. Qxd5 Rbxb2 25. Qxf5 Bxf5 26. Bd5 Ra5 27. e4 Bg4 28. Rc7 Be6 29. Bxe6 fxe6 30. Rd1 Raa2 31. Rd8+ Kh7 32. Rf8 Re2 33. Rff7 Kh6 34. Rxg7 Rxe4 35. Rh7+ Kg6 36. Rcg7+ Kf6 37. Rf7+ Kg6 38. Rhg7+ Kh6 39. Rg5 Re1+ 40. Kg2 Raa1 41. Rf6+ Kh7 42. Rxh5+ Kg7 43. Rf3 Rg1+ 44. Kh3 Rh1+ 45. Kg4 Rae1 46. Rg5+ Kh6 47. Rf6+ Kh7 48. Kh5 1-0


[Site "https://www.chess.com"]

[Event "Titled Tuesday Blitz November 16 2021"]
[White "Saydaliev, Saidakbar"]
[Black "Sjugirov, Sanan"]
[WhiteFideId "14203693"]
[BlackFideId "4189302"]
[WhiteElo "2335"]
[BlackElo "2653"]
[Result "0-1"]
[Round "09"]
[TimeControl "180+1"]
[Date "2021.11.16"]
[WhiteClock "0:00:03"]
[BlackClock "0:00:08"]

1. e4 c6 2. Nc3 d5 3. Nf3 Bg4 4. h3 Bxf3 5. Qxf3 e6 6. Be2 Nd7 7. Qg3 g6 8. d4 Bg7 9. Be3 Ne7 10. O-O-O b5 11. Bd3 b4 12. Ne2 dxe4 13. Bxe4 Nd5 14. Kb1 N7f6 15. Bf3 Rb8 16. Bc1 O-O 17. Ka1 Qa5 18. h4 Rb6 19. Rd3 Ra6 20. a3 bxa3 21. Rxa3 Qb6 22. Qd6 Nb4 23. Qxb4 Qxb4 24. Rxa6 Nd5 25. c3 Qb7 26. Ra2 a5 27. Nf4 Qb6 28. Nd3 Rb8 29. Bd2 Qb5 30. Be2 a4 31. Re1 Qb6 32. Nc5 a3 33. Nd7 axb2+ 34. Kb1 Qb3 35. Nxb8 Qxb8 36. Rxb2 Qh2 37. Bf3 h5 38. Kc2 Qxh4 39. Re2 Bf6 40. Ra2 Kg7 41. Ra6 c5 42. Bxd5 exd5 43. Be3 Qg4 44. Rd2 Qf5+ 45. Kc1 c4 46. Ra5 h4 47. Rb5 Qe4 48. Re2 Qxg2 49. Kd2 h3 50. f4 Qf3 51. Rf2 Qg3 52. Rxd5 h2 53. Rxh2 Qxh2+ 54. Kc1 Qh1+ 0-1


[Site "https://www.chess.com"]

[Event "Titled Tuesday Blitz November 16 2021"]
[White "Shipov, Sergei"]
[Black "Kislov, Oleg"]
[WhiteFideId "4113624"]
[BlackFideId "13503774"]
[WhiteElo "2775"]
[BlackElo "2252"]
[Result "1-0"]
[Round "09"]
[TimeControl "180+1"]
[Date "2021.11.16"]
[WhiteClock "0:00:29"]
[BlackClock "0:00:01"]

1. d4 Nf6 2. c4 e6 3. Nc3 Bb4 4. Qc2 d5 5. a3 Be7 6. cxd5 exd5 7. Bg5 c6 8. e3 O-O 9. Bd3 h6 10. Bh4 Re8 11. Nf3 Ne4 12. Bxe7 Qxe7 13. Bxe4 dxe4 14. Nd2 f5 15. O-O Be6 16. b4 a6 17. Nb3 Nd7 18. Na5 Nf6 19. Ne2 Bd5 20. Qc5 Qc7 21. Nf4 g5 22. Nxd5 Nxd5 23. Rac1 Rad8 24. Rfe1 Re6 25. Qc2 Qg7 26. Nc4 f4 27. Ne5 Nf6 28. Qb3 Rd5 29. a4 Nd7 30. Nxc6 bxc6 31. Rxc6 Rxc6 32. Qxd5+ Qf7 33. Qxc6 Nf6 34. h3 h5 35. Qc8+ Kg7 36. Qf5 g4 37. Qxf4 gxh3 38. gxh3 Nd5 39. Qxf7+ Kxf7 40. b5 axb5 41. axb5 1-0


[Site "https://www.chess.com"]

[Event "Titled Tuesday Blitz November 16 2021"]
[White "Svidler, Peter"]
[Black "Tsvetkov, Andrey"]
[WhiteFideId "4102142"]
[BlackFideId "34139360"]
[WhiteElo "2709"]
[BlackElo "2280"]
[Result "1-0"]
[Round "09"]
[TimeControl "180+1"]
[Date "2021.11.16"]
[WhiteClock "0:00:39"]
[BlackClock "0:00:01"]

1. e4 c5 2. Nf3 d6 3. d4 cxd4 4. Nxd4 Nf6 5. Nc3 a6 6. a3 Nc6 7. Bc4 e6 8. Be3 Be7 9. Qe2 Qc7 10. O-O-O O-O 11. Rhg1 b5 12. Nxc6 Qxc6 13. Bb3 Rb8 14. f3 a5 15. a4 b4 16. Nb5 Ba6 17. Nd4 Qc8 18. Qf2 Nd7 19. g4 Nc5 20. Kb1 Qd7 21. Nf5 Nxb3 22. Nxe7+ Qxe7 23. cxb3 Rbc8 24. Bb6 d5 25. exd5 exd5 26. Bxa5 Rb8 27. Rxd5 Qe6 28. Rgd1 Rfc8 29. Ka2 h6 30. Qe1 Qc6 31. Rd6 Qa8 32. Qe4 Bb7 33. Qf5 Bxf3 34. Rf1 Be4 35. Qxf7+ Kh8 36. Bb6 Rg8 37. Rxh6+ gxh6 1-0


[Site "https://www.chess.com"]

[Event "Titled Tuesday Blitz November 16 2021"]
[White "Tillyaev, Ulugbek"]
[Black "Samadov, Read"]
[WhiteFideId "14202441"]
[BlackFideId "13417444"]
[WhiteElo "2341"]
[BlackElo "2084"]
[Result "0-1"]
[Round "09"]
[TimeControl "180+1"]
[Date "2021.11.16"]
[WhiteClock "0:00:19"]
[BlackClock "0:00:16"]

1. e4 c5 2. d4 cxd4 3. c3 Nf6 4. e5 Nd5 5. Qxd4 e6 6. Nf3 Nc6 7. Qe4 f5 8. Qe2 d6 9. c4 Nc7 10. Nc3 dxe5 11. Nxe5 Nd4 12. Qd1 Na6 13. Be3 Nb4 14. Qa4+ Bd7 15. Nxd7 Ndc2+ 16. Kd2 Nxa1 17. Kc1 Qxd7 18. Nb5 O-O-O 19. Be2 a6 20. Bf4 e5 21. Bxe5 Qd2+ 22. Kb1 axb5 23. Qa8+ Kd7 24. Qxb7+ Ke6 25. Kxa1 Qxe2 26. Qb6+ Bd6 27. Bc3 Nc2+ 28. Kb1 bxc4 29. Rc1 Na3+ 30. Ka1 Rb8 31. Qc6 Rhc8 32. Qa4 Nb5 33. Re1 Nxc3 34. Rxe2+ Nxe2 35. Qd1 Nf4 36. g3 Nd3 37. Qe2+ Kf7 38. b3 Be5+ 39. Kb1 c3 40. Qxd3 c2+ 41. Qxc2 Rxc2 42. Kxc2 Rc8+ 43. Kd3 Ke6 44. f4 Bd6 45. a4 Kd5 46. a5 Bb4 47. a6 Rc3+ 48. Ke2 Rxb3 49. a7 Ra3 50. a8=Q+ Rxa8 51. Kd3 Ra3+ 52. Kc2 Kc4 53. Kb2 Rd3 54. Kc2 Rd2+ 0-1


[Site "https://www.chess.com"]

[Event "Titled Tuesday Blitz November 16 2021"]
[White "Triapishko, Alexandr"]
[Black "Pranav, V"]
[WhiteFideId "14122286"]
[BlackFideId "25060783"]
[WhiteElo "2479"]
[BlackElo "2351"]
[Result "0-1"]
[Round "09"]
[TimeControl "180+1"]
[Date "2021.11.16"]
[WhiteClock "0:00:02"]
[BlackClock "0:00:08"]

1. Nf3 d5 2. g3 Nf6 3. Bg2 c6 4. c4 Bg4 5. Ne5 Bf5 6. cxd5 cxd5 7. Nc3 Nc6 8. Nxc6 bxc6 9. O-O e5 10. d3 Bg4 11. Qa4 Qd7 12. h3 Be6 13. e4 Rb8 14. exd5 cxd5 15. Re1 Bd6 16. Bg5 Qxa4 17. Nxa4 Kd7 18. Rac1 Rhc8 19. b3 h6 20. Bd2 d4 21. Nb2 Bd5 22. Nc4 Bxc4 23. dxc4 Ne8 24. f4 f6 25. Bf3 Ke7 26. Kg2 g5 27. h4 gxh4 28. gxh4 Ng7 29. fxe5 fxe5 30. Bxh6 Ne6 31. Kh3 Rh8 32. Bd2 Rbf8 33. Bg4 Rf2 34. Re2 Nf4+ 35. Bxf4 Rxf4 36. Rg1 Kd8 37. h5 e4 38. Rd2 Be5 39. Rdg2 d3 40. c5 e3 41. Rd1 d2 42. c6 Kc7 43. Re2 Bd4 44. Kg3 Rf6 0-1


[Site "https://www.chess.com"]

[Event "Titled Tuesday Blitz November 16 2021"]
[White "Weetik, Vjacheslav"]
[Black "Sarana, Alexey"]
[WhiteFideId "4153472"]
[BlackFideId "24133795"]
[WhiteElo "2469"]
[BlackElo "2689"]
[Result "0-1"]
[Round "09"]
[TimeControl "180+1"]
[Date "2021.11.16"]
[WhiteClock "0:00:04"]
[BlackClock "0:00:41"]

1. Nf3 d5 2. g3 g6 3. Bg2 Bg7 4. d4 c6 5. O-O Nf6 6. c4 dxc4 7. Na3 b5 8. Ne5 Nd5 9. e4 Nc7 10. Be3 O-O 11. Rc1 a5 12. Nc2 Bb7 13. Qe2 Nd7 14. f4 e6 15. Rcd1 Qe7 16. h4 Rad8 17. h5 c5 18. Nxd7 Rxd7 19. dxc5 Bxb2 20. Nd4 Bxd4 21. Rxd4 Rfd8 22. Rxd7 Rxd7 23. a4 b4 24. c6 Bxc6 25. Qxc4 Bxa4 26. Ra1 Bb5 27. Qc5 a4 28. Qxe7 Rxe7 29. Bc5 Rd7 30. Bxb4 gxh5 31. Rc1 Kg7 32. Bc3+ f6 33. Ba5 Na6 34. Rb1 Bd3 35. Ra1 Bc2 36. e5 f5 37. Bc6 Rd4 38. Kf2 Nc5 39. Bb6 Ne4+ 40. Ke3 Rd3+ 41. Ke2 Nxg3+ 42. Ke1 Ne4 43. Bxa4 Bxa4 44. Rxa4 h4 45. Ke2 Rd7 46. Ra6 h3 47. Bg1 Kf7 48. Ra3 h2 49. Bxh2 Rd2+ 50. Ke3 Rxh2 51. Ra7+ Ke8 52. Ra6 Rh6 53. Kd4 Kf7 54. Rc6 Rg6 0-1


[Site "https://www.chess.com"]

[Event "Titled Tuesday Blitz November 16 2021"]
[White "Xiong, Jeffery"]
[Black "Djordjevic, Vuk"]
[WhiteFideId "2047640"]
[BlackFideId "902098"]
[WhiteElo "2699"]
[BlackElo "2463"]
[Result "1-0"]
[Round "09"]
[TimeControl "180+1"]
[Date "2021.11.16"]
[WhiteClock "0:00:42"]
[BlackClock "0:00:02"]

1. e4 e6 2. d4 d5 3. e5 c5 4. c3 Nc6 5. Nf3 Qb6 6. Be2 cxd4 7. cxd4 Bb4+ 8. Kf1 Bd7 9. h4 Nh6 10. a3 Be7 11. Nc3 a6 12. b4 Qa7 13. Bxh6 gxh6 14. Qd2 Rc8 15. Rh3 f6 16. Rd1 Rf8 17. Bd3 fxe5 18. dxe5 Kd8 19. Bxh7 Be8 20. Rg3 Bh5 21. Qxh6 Bxf3 22. gxf3 Kd7 23. f4 Nd8 24. Nxd5 exd5 25. Rg7 d4 26. Qd6+ Ke8 27. Rxe7# 1-0


[Site "https://www.chess.com"]

[Event "Titled Tuesday Blitz November 16 2021"]
[White "Yanchenko, Roman"]
[Black "Tabatabaei, M. Amin"]
[WhiteFideId "4137329"]
[BlackFideId "12521213"]
[WhiteElo "2514"]
[BlackElo "2555"]
[Result "0-1"]
[Round "09"]
[TimeControl "180+1"]
[Date "2021.11.16"]
[WhiteClock "0:00:01"]
[BlackClock "0:00:32"]

1. d4 Nf6 2. c4 g6 3. Nf3 Bg7 4. Nc3 O-O 5. Bf4 d5 6. e3 c5 7. dxc5 Nbd7 8. cxd5 Qa5 9. Be5 Nxe5 10. Nxe5 Ne4 11. Qd4 Nxc5 12. b4 Bxe5 13. bxa5 Bxd4 14. exd4 Nd7 15. g3 b6 16. axb6 Nxb6 17. Bg2 Bb7 18. O-O Rfd8 19. Rfe1 Kf8 20. d6 Rd7 21. dxe7+ Ke8 22. Bxb7 Rxb7 23. Nb5 Nc4 24. Rac1 Rxb5 25. Rxc4 Rb7 26. d5 Rd7 27. Rc5 Rb8 28. a4 a6 29. Kg2 Rxe7 30. Rxe7+ Kxe7 31. Rc7+ Kf6 32. Rc6+ Ke5 33. d6 a5 34. d7 Rd8 35. Ra6 Rxd7 36. Rxa5+ Kf6 37. Rb5 Rd2 38. h4 Ra2 39. a5 h6 40. Kf3 Ke6 41. h5 g5 42. Rb6+ Kf5 43. g4+ Ke5 44. a6 Ra3+ 45. Kg2 Kf4 46. Rb4+ Ke5 47. Rb6 Kf4 48. Rxh6 Kxg4 49. Kf1 f5 50. Ke2 Ra2+ 51. Ke3 f4+ 52. Ke4 Rxf2 53. Rh7 Re2+ 54. Kd3 Ra2 55. a7 f3 56. h6 f2 57. Rf7 Kg3 0-1


[Site "https://www.chess.com"]

[Event "Titled Tuesday Blitz November 16 2021"]
[White "Yeletsky, Ivan"]
[Black "Csonka, Balazs"]
[WhiteFideId "24180327"]
[BlackFideId "742910"]
[WhiteElo "2352"]
[BlackElo "2404"]
[Result "0-1"]
[Round "09"]
[TimeControl "180+1"]
[Date "2021.11.16"]
[WhiteClock "0:00:12"]
[BlackClock "0:00:16"]

1. d4 d5 2. Nc3 Nf6 3. Bf4 c5 4. e3 cxd4 5. exd4 a6 6. Nf3 Nc6 7. Ne5 Bd7 8. h4 e6 9. Rh3 Qb6 10. Nxc6 Bxc6 11. Qd2 Rc8 12. Rb1 Bb4 13. f3 O-O 14. Bd3 Bb5 15. Bxb5 axb5 16. h5 Rc4 17. Be5 Rfc8 18. Kf1 Nd7 19. Bxg7 Kxg7 20. Rg3+ Kf8 21. Qh6+ Ke7 22. Qxh7 Qxd4 23. Rg7 Rf8 24. Re1 Bc5 25. Ke2 Qe3+ 26. Kd1 Rd4+ 0-1


[Site "https://www.chess.com"]

[Event "Titled Tuesday Blitz November 16 2021"]
[White "Yoo, Christopher Woojin"]
[Black "Alavkin, Arseny"]
[WhiteFideId "30909694"]
[BlackFideId "4120612"]
[WhiteElo "2105"]
[BlackElo "2391"]
[Result "1/2-1/2"]
[Round "09"]
[TimeControl "180+1"]
[Date "2021.11.16"]
[WhiteClock "0:00:07"]
[BlackClock "0:00:14"]

1. e4 c5 2. Nf3 Nc6 3. Nc3 g6 4. Bb5 Bg7 5. O-O Nd4 6. Nxd4 cxd4 7. Ne2 a6 8. Ba4 b5 9. Bb3 Bb7 10. d3 Nf6 11. Nxd4 O-O 12. a4 b4 13. Nf3 a5 14. e5 Nd5 15. d4 Rc8 16. Re1 d6 17. Bg5 Re8 18. Qd2 Nb6 19. Qf4 Nc4 20. exd6 Qxd6 21. Ne5 Bd5 22. Nxc4 Qxf4 23. Bxf4 Bxc4 24. Rad1 Bxb3 25. cxb3 e6 26. Rd2 Red8 27. Be3 Rd5 28. Kf1 e5 29. dxe5 Rxd2 30. Bxd2 Rc2 31. Bg5 Rxb2 32. Bf6 h6 33. Re3 Bxf6 34. exf6 g5 35. Re5 Rxb3 36. Rxa5 Ra3 37. Ke2 Ra2+ 38. Ke3 b3 39. Rb5 Rxa4 40. Rxb3 Kh7 41. Rb6 Kg6 42. h3 Ra3+ 43. Ke2 Ra2+ 44. Kf3 Ra3+ 45. Ke4 Ra2 46. Ke3 Ra3+ 47. Ke2 Ra2+ 48. Kf1 Ra1+ 49. Ke2 Ra2+ 1/2-1/2


[Site "https://www.chess.com"]

[Event "Titled Tuesday Blitz November 16 2021"]
[White "Zelbel, Patrick"]
[Black "Tahbaz, Arash"]
[WhiteFideId "24624322"]
[BlackFideId "12528846"]
[WhiteElo "2493"]
[BlackElo "2377"]
[Result "1-0"]
[Round "09"]
[TimeControl "180+1"]
[Date "2021.11.16"]
[WhiteClock "0:00:13"]
[BlackClock "0:00:04"]

1. e4 g6 2. d4 Bg7 3. Nc3 d6 4. Nf3 Nd7 5. a4 e5 6. Bg5 Ngf6 7. dxe5 dxe5 8. Bc4 O-O 9. O-O a5 10. Qd2 c6 11. Rad1 Qe7 12. h3 Nc5 13. Rfe1 Be6 14. Nxe5 Bxh3 15. Nd3 Nxd3 16. cxd3 Bg4 17. e5 Qd8 18. exf6 Bxf6 19. Bxf6 Qxf6 20. Ne4 Qd4 21. Qf4 Bf5 22. Rd2 Rae8 23. Qh4 Kg7 24. Re3 b5 25. axb5 cxb5 26. Bxb5 Rb8 27. Bc4 Rxb2 28. Rxb2 Qxb2 29. Nd6 a4 30. Nxf5+ gxf5 31. Rh3 Qc1+ 32. Kh2 h6 33. Rg3+ Kh7 34. Qf6 Qb2 35. Qxb2 1-0


[Site "https://www.chess.com"]

[Event "Titled Tuesday Blitz November 16 2021"]
[White "Zhigalko, Sergei"]
[Black "Stribuk, Artiom"]
[WhiteFideId "13502956"]
[BlackFideId "13515659"]
[WhiteElo "2662"]
[BlackElo "2224"]
[Result "0-1"]
[Round "09"]
[TimeControl "180+1"]
[Date "2021.11.16"]
[WhiteClock "0:00:02"]
[BlackClock "0:00:06"]

1. e4 c5 2. Nf3 Nc6 3. c3 Nf6 4. e5 Nd5 5. Bc4 Nb6 6. Bb3 c4 7. Bc2 d6 8. exd6 Qxd6 9. O-O Bg4 10. Re1 O-O-O 11. b3 Qf6 12. Be4 Ne5 13. bxc4 Bxf3 14. gxf3 Nd3 15. Bxd3 Rxd3 16. Qe2 Qxf3 17. Qxf3 Rxf3 18. c5 Nd5 19. d4 Nxc3 20. Kg2 Rd3 21. Nxc3 Rxc3 22. Bf4 e6 23. Rab1 Be7 24. Re3 Rxe3 25. fxe3 Bd8 26. Kf3 Bc7 27. Rg1 g6 28. h4 Rd8 29. Ke4 Rd5 30. Bxc7 Kxc7 31. Rf1 f5+ 32. Kf4 b6 33. cxb6+ axb6 34. Rc1+ Kb7 35. Rc2 Ra5 36. Kg5 e5 37. Kh6 exd4 38. exd4 Rd5 39. Rd2 Rd7 40. d5 Kc7 41. h5 gxh5 42. Kxh5 Kd6 43. Kg5 Rf7 44. Kf4 h5 45. Rd1 h4 46. Rd3 h3 47. Rxh3 Kxd5 48. Rb3 Kc5 49. a4 Ra7 50. Rb5+ Kc6 51. Rxf5 Rxa4+ 52. Ke3 Rc4 53. Kd3 Rc5 54. Rf8 Kb5 55. Rb8 Ka5 56. Kd4 Rc1 57. Kd3 b5 58. Kd2 Rc7 59. Kd3 Ka4 60. Ra8+ Kb3 61. Rb8 Rd7+ 62. Ke4 b4 63. Ke5 Ka3 64. Ke6 Rd1 65. Ke5 b3 66. Ra8+ Kb2 67. Ke4 Kb1 68. Ke3 b2 69. Ke2 Rd7 70. Rb8 Rd4 71. Ke3 Rd5 72. Ke4 Rd7 73. Ke3 Kc1 74. Rc8+ Kb1 75. Rb8 Rd5 76. Ke2 Kc2 77. Ke3 b1=Q 78. Rxb1 Kxb1 0-1


[Site "https://www.chess.com"]

[Event "Titled Tuesday Blitz November 16 2021"]
[White "Zierk, Steven"]
[Black "Paravyan, David"]
[WhiteFideId "2034255"]
[BlackFideId "4194985"]
[WhiteElo "2494"]
[BlackElo "2639"]
[Result "1-0"]
[Round "09"]
[TimeControl "180+1"]
[Date "2021.11.16"]
[WhiteClock "0:00:53"]
[BlackClock "0:00:02"]

1. b3 e5 2. Bb2 Nc6 3. c4 Nge7 4. e3 d5 5. cxd5 Nxd5 6. a3 f6 7. Qc2 Be6 8. Nf3 Qd7 9. d3 g5 10. Be2 g4 11. Nfd2 h5 12. Ne4 f5 13. Nc5 Bxc5 14. Qxc5 O-O-O 15. Nd2 Rhe8 16. b4 Kb8 17. b5 Na5 18. Bxe5 Bf7 19. d4 Rxe5 20. dxe5 Nf4 21. Qc3 Nxg2+ 22. Kf1 Nh4 23. Qxa5 Qxd2 24. Qxd2 Rxd2 25. Rd1 Rxd1+ 26. Bxd1 Bd5 27. Rg1 Ng6 28. f4 Ne7 29. Kf2 c6 30. bxc6 Bxc6 31. Bc2 Kc7 32. Kg3 Nd5 33. Bxf5 Nxe3 34. Bg6 Bf3 35. f5 Be4 36. Kf4 1-0


[Site "https://www.chess.com"]

[Event "Titled Tuesday Blitz November 16 2021"]
[White "vizumatv4hoda"]
[Black "Lavrov, Maxim"]
[BlackFideId "4166418"]
[WhiteElo "2763"]
[BlackElo "2192"]
[Result "1-0"]
[Round "09"]
[TimeControl "180+1"]
[Date "2021.11.16"]
[WhiteClock "0:02:34"]
[BlackClock "0:00:57"]

1. e4 e5 2. d4 exd4 3. Nf3 Nc6 4. c3 d3 5. Bxd3 d6 6. Nd4 Nf6 7. O-O Be7 8. f4 O-O 9. Kh1 Re8 10. Be3 Bf8 11. Nd2 Nxd4 12. cxd4 Bf5 13. Qf3 Bg4 14. Qg3 Bc8 15. Rae1 c6 16. f5 Qc7 17. Bg5 Nh5 18. Qh4 g6 19. g4 Ng7 20. Nf3 c5 21. d5 c4 22. Bc2 b5 23. f6 Ne6 24. dxe6 Bxe6 25. Bh6 1-0


[Site "https://www.chess.com"]

[Event "Titled Tuesday Blitz November 16 2021"]
[White "Aditya Mittal"]
[Black "Aloma Vidal, Robert"]
[WhiteFideId "35042025"]
[BlackFideId "2260409"]
[WhiteElo "2245"]
[BlackElo "2435"]
[Result "1-0"]
[Round "10"]
[TimeControl "180+1"]
[Date "2021.11.16"]
[WhiteClock "0:00:21"]
[BlackClock "0:00:18"]

1. d4 d5 2. c4 c6 3. Nc3 Nf6 4. cxd5 cxd5 5. f3 Nc6 6. e4 dxe4 7. d5 Ne5 8. fxe4 Ng6 9. Nf3 e6 10. Bb5+ Bd7 11. dxe6 fxe6 12. Qb3 Qe7 13. Bg5 h6 14. Bxf6 gxf6 15. Bxd7+ Qxd7 16. Rd1 Qc8 17. Nd4 Kf7 18. Rf1 Bc5 19. e5 Nxe5 20. Ne4 Be7 21. Rxf6+ Bxf6 22. Nd6+ Kg6 23. Qg3+ Kh7 24. Nxc8 Raxc8 25. Qf4 Kg6 26. Qe4+ Kf7 27. Qxb7+ Be7 28. Ke2 Rb8 29. Rf1+ Kg6 30. Qe4+ 1-0


[Site "https://www.chess.com"]